 Dungeon Crawl Stone Soup version 0.27-a0-1144-g0b7d3b79db (webtiles) character file.

Game seed: 2754438067318092689

7 neco the Magician (level 1, -1/13 HPs)
             Began as a Mummy Hedge Wizard on May 10, 2021.
             Slain by a jackal (2 damage)
             ... on level 1 of the Dungeon.
             The game lasted 00:09:42 (930 turns).

neco the Magician (Mummy Hedge Wizard)               Turns: 930, Time: 00:09:43

Health: -1/13      AC:  2    Str: 13    XL:     1   Next: 83%
Magic:  5/5        EV: 12    Int: 13    God:
Gold:   1          SH:  0    Dex: 11    Spells: 7/8 levels left

rFire    x . .     SeeInvis .   e - +0 short sword
rCold    + . .     Faith    .   (no shield)
rNeg     + + +     Spirit   .   b - +0 robe
rPois    ∞         Reflect  .   c - +0 hat
rElec    .         Harm     .   (no cloak)
rCorr    .         Rampage  .   (no gloves)
Will     .....                  (no boots)
Stlth    ++........             (no amulet)
HPRegen  0.04/turn              (no ring)
MPRegen  0.09/turn              (no ring)

@: no status effects
A: cold resistance 1, negative energy resistance 3, torment resistance 2, heat
vulnerability 1, no potions
a: no special abilities


You were on level 1 of the Dungeon.
You visited 1 branch of the dungeon, and saw 1 of its levels.

You collected 1 gold pieces.

Inventory:

Hand Weapons
 a - a +0 dagger
 e - a +0 short sword (weapon)
 h - a +0 short sword
 i - a +0 short sword
Missiles
 d - 24 stones
 f - 25 arrows
Armour
 b - a +0 robe (worn)
 c - a +0 hat (worn)
Potions
 g - a potion of curing {unknown}


   Skills:
 + Level 1.7 Dodging
 + Level 1.7 Stealth
 + Level 4.2 Spellcasting
 + Level 1.0 Conjurations
 + Level 0.7 Summonings
 + Level 0.7 Translocations


You had 7 spell levels left.
You knew the following spells:

 Your Spells              Type           Power      Damage    Failure   Level
a - Magic Dart            Conj           20%        1d4       14%         1

Your spell library contained the following spells:

 Spells                   Type           Power      Damage    Failure   Level
 Blink                    Tloc           N/A        N/A       22%         2
 Call Imp                 Summ           4%         N/A       22%         2
 Slow                     Hex            2%         N/A       30%         2
 Conjure Flame            Conj/Fire      4%         6-21      45%         3
 Mephitic Cloud           Conj/Pois/Air  3%         N/A       47%         3


Dungeon Overview and Level Annotations

Branches:
Dungeon (1/15)

Altars:


Innate Abilities, Weirdness & Mutations

You are immune to poison.
Your flesh is cold resistant. (rC+)
You are immune to negative energy. (rN+++)
You are immune to unholy pain and torment.
You are vulnerable to heat. (rF-)
You do not drink.


Message History

The jackal bites you.
An endoplasm comes into view.
The endoplasm quivers.
The jackal closely misses you.
The endoplasm hits you but does no damage.
The jackal bites you. The jackal barely misses you. The jackal bites you.
The jackal closely misses you. The jackal barely misses you.
A ball python comes into view.
The ball python hisses angrily.
The jackal barely misses you.
Found a scroll labelled PAPUYMUD UPPUCA.
You closely miss the ball python. The jackal bites you.
The ball python closely misses you. The ball python misses you.
The jackal bites you.
* * * LOW HITPOINT WARNING * * *
There are monsters nearby!
There are monsters nearby!
There are monsters nearby!
There are monsters nearby!
You closely miss the ball python. The jackal misses you.
The ball python bites you.
* * * LOW HITPOINT WARNING * * *
The ball python grabs you. The ball python constricts you.
The jackal closely misses you. x2
You hit the ball python.
The ball python is moderately wounded.
The ball python barely misses you.
* * * LOW HITPOINT WARNING * * *
The ball python constricts you. The jackal barely misses you.
The jackal misses you. The endoplasm barely misses you.
The ball python misses you. The ball python constricts you.
The jackal closely misses you.
Unknown command.
Unknown command.
You are too injured to fight recklessly!
You escape the ball python's grasp.
The jackal bites you.
You die...

...## #### ....
..####### .#.### #....
..## .....## #..# #..#
......####..####..#
............##....######
....?..####.##.h........
...............h.S.....?
.#.###.###.#.#.J@.......
.#................######
.#####.##.##.##..## ..
..##.##.##..# ##
###......#..# #
#...#.##..# #
#...#.##..#####
########.>.####..#...##
#..........!..#..'....#


You could see an endoplasm, 2 jackals and a ball python.

Vanquished Creatures
  A bat (D:1)
  A giant cockroach (D:1)
  2 frilled lizards (D:1)
  2 kobolds (D:1)
  A rat (D:1)
7 creatures vanquished.

Notes
Turn   | Place    | Note
-------+----------+-------------------------------------------
     0 | D:1      | neco the Mummy Hedge Wizard began the quest for the Orb.
     0 | D:1      | Reached XP level 1. HP: 13/13 MP: 5/5
   541 | D:1      | Reached skill level 1 in Conjurations
   930 | D:1      | Slain by a jackal

Illustrated notes

Levels and vault maps discovered:
D:1:      amcnicky_arrival_blooded_trapdoor, layout_basic

Skill      XL: |  1 |
---------------+----+-----
Conjurations   | 1 |  1.0
Dodging        | |  1.7
Stealth        | |  1.7
Spellcasting   | |  4.2
Summonings     | |  0.7
Translocations | |  0.7

Action                   || total
-------------------------++-------
Melee: Dagger            ||    33
       Short sword       ||     7
 Cast: Magic Dart        ||     7
  Use: Scroll            ||     1
Armor: Robe              ||    18
Dodge: Dodged            ||    67

Table legend: (Time is in decaauts)
 A = Elapsed time spent in this place.
 B = Non-inter-level travel time spent in this place.
 C = Inter-level travel time spent in this place.
 D = Time resting spent in this place.
 E = Time spent auto-exploring this place.
 F = Levels seen in this place.
 G = Mean time per level.
                   A        B        C        D        E       F      G
               +--------+--------+--------+--------+--------+-----+--------+
         Total |    930 |    930 |      0 |    258 |      0 |   1 |  930.0 |
       Dungeon |    930 |    930 |      0 |    258 |      0 |   1 |  930.0 |
               +--------+--------+--------+--------+--------+-----+--------+

Top non-repeatable levels by time:
     D:1: 930 daAuts
